 Dungeon Crawl Stone Soup version 0.29.0-4-gdea44cf6ec (webtiles) character file.

Game seed: 7814771937896271806

1580 qw the Cleaver (level 8, -3/49 HPs)
             Began as a Tengu Warper on Aug 28, 2022.
             Slain by a killer bee (5 damage)
             ... on level 6 of the Dungeon.
             The game lasted 00:00:40 (5110 turns).

qw the Cleaver (Tengu Warper)                       Turns: 5110, Time: 00:00:41

Health: -3/49      AC:  7    Str: 13    XL:     8   Next: 91%
Magic:  12/12      EV: 12    Int: 14    God:
Gold:   117        SH:  0    Dex: 14    Spells: 11/11 levels left

rFire   . . .      SeeInvis .   Y - +2 war axe (flame)
rCold   . . .      Faith    .   (no shield)
rNeg    . . .      Spirit   .   p - +1 scale mail {rPois}
rPois   +          Reflect  .   (helmet restricted)
rElec   .          Harm     .   f - scarf {repulsion}
rCorr   .          Rampage  .   (no gloves)
Will    .....      Clarity  +   (boots unavailable)
Stlth   ..........              (no amulet)
HPRegen 0.96/turn               (no ring)
MPRegen 0.13/turn               (no ring)

@: about to teleport, flying quickly and evasively, repel missiles, quick
A: beak, talons 3, nimble flight, clarity, regeneration 1
a: no special abilities


You were on level 6 of the Dungeon.
You visited 1 branch of the dungeon, and saw 6 of its levels.
You also visited: Sewer.

You collected 346 gold pieces.
You spent 229 gold pieces at shops.


Innate Abilities, Weirdness & Mutations

You have a beak for a mouth.
You have claws for feet.
Your magical nature lets you fly swiftly and evasively.
You possess an exceptional clarity of mind.
Your natural rate of healing is unusually fast.


   Skills:
 - Level 5.0 Fighting
 + Level 10.4 Axes
 - Level 1.0 Throwing
 - Level 2.3 Armour
 - Level 3.3 Dodging
 - Level 2.0 Spellcasting
 - Level 2.4 Translocations


You had 11 spell levels left.
You didn't know any spells.
Your spell library contained the following spells:

 Spells                   Type           Power      Damage    Failure   Level
 Blink                    Tloc           16%        N/A       54%         2
 Gell's Gravitas          Tloc           8%         N/A       77%         3
 Lesser Beckoning         Tloc           8%         N/A       77%         3
 Teleport Other           Tloc           8%         N/A       77%         3
 Manifold Assault         Tloc           8%         N/A       100%        5

Inventory:

Hand Weapons
 Y - a +2 war axe of flaming (weapon)
Armour
 a - a +0 chain mail
 f - a scarf of repulsion (worn)
 p - a +1 scale mail of poison resistance (worn)
Wands
 j - a wand of digging (5)
Scrolls
 b - a scroll of silence {unknown}
 g - a scroll of acquirement {unknown}
 k - 2 scrolls of identify
 l - 2 scrolls of teleportation
Potions
 c - a potion of resistance
 d - 2 potions of mutation
 e - a potion of curing
 i - 2 potions of haste
 o - a potion of cancellation

Dungeon Overview and Level Annotations

Branches:
Dungeon (6/15)              Sewer (visited)
 Temple: D:4-7

Altars:
Elyvilon
Gozag
Vehumet

Shops:
D:2 *   D:3 (   D:5 (

Annotations:
D:3 2 runed translucent doors, qw's ghost, amateur TeWr
D:5 3 runed translucent doors, qw's ghost, novice TeWr


Message History

The killer bee is heavily wounded.
You miss the killer bee. You barely miss the killer bee.
You feel sick.
You are no longer poisoned.
The killer bee stings you but does no damage.
The killer bee barely misses you.
The killer bee stings you but does no damage. x2
The killer bee stings you. The killer bee closely misses you.
You miss the killer bee.
The killer bee is heavily wounded.
You slash the killer bee! You burn the killer bee.
You barely miss the killer bee.
The killer bee stings you but does no damage.
The killer bee barely misses you. The killer bee stings you. x2
The killer bee closely misses you.
The killer bee stings you but does no damage.
5108 ||| READING 3 scrolls of teleportation.
As you read the scroll of teleportation, it crumbles to dust.
You feel strangely unstable. The killer bee closely misses you.
The killer bee stings you but does no damage.
The killer bee barely misses you.
A killer bee comes into view.
The killer bee stings you but does no damage. x2
The killer bee stings you.
You hit the killer bee. You burn the killer bee.
The killer bee is severely wounded.
You miss the killer bee. You hit the killer bee. You burn the killer bee.
The killer bee closely misses you.
The killer bee stings you but does no damage.
The killer bee barely misses you. The killer bee stings you.
The killer bee stings you but does no damage.
The killer bee stings you.
You hit the killer bee. You burn the killer bee.
You kill the killer bee!
You closely miss the killer bee. You slash the killer bee!
You burn the killer bee. You hit the killer bee. You burn the killer bee.
The killer bee stings you but does no damage.
The killer bee stings you.
You die...

##.#'#...#+#.)).........##
.'.#.......#)))..........#
.#####...###.............#
...# +...+ #.............#
.#+# ##### #+#.........###
.# #.....##.## ##
##'##.#### #...#..#
#+#..@#+## #...yyy.#
###...### +...'...#
#####.....# ...#.. ..# y##
#


You could see 3 killer bees.

Vanquished Creatures
  Sigmund (D:4)
  An ice beast (D:5)
  A sky beast (D:6)
  A phantom (D:5)
  3 scorpions
  2 necrophages
  2 killer bees (D:6)
  2 jellies
  A hound (D:5)
  5 orc priests
  An iguana (D:6)
  7 orc wizards
  Ijyb (D:5)
  4 gnolls (D:4)
  4 river rats
  15 adders
  3 worms
  A dart slug (D:4)
  24 orcs
  9 endoplasms
  6 giant cockroaches
  4 goblins
  5 hobgoblins
  3 jackals (Sewer)
  4 quokkas
  16 ball pythons
  12 bats
  6 frilled lizards
  4 kobolds
  8 rats
156 creatures vanquished.

Notes
Turn   | Place    | Note
-------+----------+-------------------------------------------
     0 | D:1      | qw the Tengu Warper began the quest for the Orb.
     0 | D:1      | Reached XP level 1. HP: 12/12 MP: 4/4
     0 | D:1      | 0 ||| qw: Version: 0.1-a-89-g26bdef1
     0 | D:1      | 0 ||| qw: Game counter: 3316
     0 | D:1      | 0 ||| qw: Always use a shield: true
     0 | D:1      | 0 ||| qw: God list: Okawaru
     0 | D:1      | 0 ||| qw: Allow faded altars: false
     0 | D:1      | 0 ||| qw: Do Orc after D:15 true
     0 | D:1      | 0 ||| qw: Do second Lair branch before Depths: true
     0 | D:1      | 0 ||| qw: Lair rune preference: random
     0 | D:1      | 0 ||| qw: Plans: Normal
     0 | D:1      | 0 ||| PLANNING D:1-11
   242 | D:1      | 242 ||| Stepping ~*~*~tactically~*~*~ (stealth).
   243 | D:1      | 243 ||| Stepping ~*~*~tactically~*~*~ (stealth).
   247 | D:1      | Reached XP level 2. HP: 12/17 MP: 6/6
   332 | D:1      | Reached skill level 3 in Axes
  1080 | D:1      | 1080 ||| UPGRADING to scarf of repulsion.
  1085 | D:1      | 1085 ||| READING scroll labelled XOEJUN OT MEA.
  1086 | D:1      | 1086 ||| READING scroll labelled TIDOZU MUONUN.
  1087 | D:1      | 1087 ||| DRINKING 2 sedimented black potions.
  1087 | D:1      | Gained mutation: You possess an exceptional clarity of
                  | mind. [potion of mutation]
  1087 | D:1      | Gained mutation: Your natural rate of healing is unusually
                  | fast. [potion of mutation]
  1088 | D:1      | 1088 ||| DROPPING scroll of blinking.
  1232 | D:2      | Reached XP level 3. HP: 13/21 MP: 7/7
  1236 | D:2      | Reached skill level 4 in Axes
  1441 | D:2      | Found Xulill's General Store.
  1444 | D:2      | 1444 ||| BUYING scroll of identify (22 gold).
  1444 | D:2      | Bought a scroll of identify for 22 gold pieces
  1560 | D:2      | 1560 ||| READING scroll labelled NIDOIXK WEUC.
  1561 | D:2      | 1561 ||| READING scroll labelled UCEASU FIAWO.
  1599 | D:3      | 1599 ||| FLEEEEING.
  1600 | D:3      | 1600 ||| FLEEEEING.
  1601 | D:3      | 1601 ||| FLEEEEING.
  1607 | D:3      | 1607 ||| FLEEEEING.
  1609 | D:3      | 1609 ||| Stepping ~*~*~tactically~*~*~ (hiding).
  1611 | D:3      | 1611 ||| Stepping ~*~*~tactically~*~*~ (hiding).
  1619 | D:3      | Reached XP level 4. HP: 14/26 MP: 8/8
  1626 | D:3      | Reached skill level 5 in Axes
  1637 | D:3      | 1637 ||| Stepping ~*~*~tactically~*~*~ (stealth).
  1688 | D:3      | Gained mutation: Your magical nature lets you fly swiftly
                  | and evasively. [Tengu growth]
  1688 | D:3      | Reached XP level 5. HP: 21/30 MP: 9/9
  1700 | D:3      | 1700 ||| DROPPING +0 club.
  1875 | D:3      | Found Fixtuq's Weapon Boutique.
  1893 | D:3      | 1893 ||| BUYING +0 flail (45 gold).
  1893 | D:3      | Bought a +0 flail for 45 gold pieces
  1893 | D:3      | 1893 ||| SHOPLISTING +1 broad axe of flaming (184 gold,
                  | have 115).
  1893 | D:3      | 1893 ||| DROPPING +0 whip.
  1921 | D:3      | Reached skill level 6 in Axes
  1924 | D:3      | Found a white marble altar of Elyvilon.
  1969 | D:3      | 1969 ||| Stepping ~*~*~tactically~*~*~ (stealth).
  1971 | D:3      | 1971 ||| Stepping ~*~*~tactically~*~*~ (stealth).
  1990 | D:3      | Found a runed translucent door.
  1993 | D:3      | Noticed qw's ghost (amateur TeWr)
  2129 | D:3      | Found a runed translucent door.
  2387 | D:3      | 2387 ||| SWAPPING to +0 war axe.
  2388 | D:3      | 2388 ||| DROPPING +0 hand axe.
  2396 | D:3      | 2396 ||| DROPPING +0 flail.
  2444 | D:3      | 2444 ||| UPGRADING to +0 chain mail.
  2454 | D:3      | 2454 ||| DROPPING +0 leather armour.
  2455 | D:3      | 2455 ||| READING scroll labelled UMEELENGEMN.
  2470 | D:3      | 2470 ||| DRINKING 2 purple potions.
  2471 | D:3      | 2471 ||| READING 3 scrolls of identify.
  2471 | D:3      | 2471 ||| IDENTIFYING golden potion
  2472 | D:3      | 2472 ||| READING 2 scrolls of identify.
  2472 | D:3      | 2472 ||| IDENTIFYING emerald potion
  2554 | D:4      | 2554 ||| Stepping ~*~*~tactically~*~*~ (hiding).
  2644 | D:4      | 2644 ||| Stepping ~*~*~tactically~*~*~ (hiding).
  2655 | D:4      | 2655 ||| Stepping ~*~*~tactically~*~*~ (hiding).
  2659 | D:4      | Reached XP level 6. HP: 35/35 MP: 10/10
  2684 | D:4      | 2684 ||| Stepping ~*~*~tactically~*~*~ (stealth).
  2791 | D:4      | Reached skill level 7 in Axes
  2857 | D:4      | 2857 ||| Stepping ~*~*~tactically~*~*~ (hiding).
  2859 | D:4      | 2859 ||| Stepping ~*~*~tactically~*~*~ (hiding).
  2876 | D:4      | 2876 ||| Stepping ~*~*~tactically~*~*~ (stealth).
  2891 | D:4      | Reached skill level 3 in Fighting
  2891 | D:4      | Reached XP level 7. HP: 36/41 MP: 11/11
  3043 | D:4      | Noticed Sigmund
  3044 | D:4      | 3044 ||| Stepping ~*~*~tactically~*~*~ (stealth).
  3046 | D:4      | 3046 ||| Stepping ~*~*~tactically~*~*~ (hiding).
  3048 | D:4      | 3048 ||| Stepping ~*~*~tactically~*~*~ (hiding).
  3050 | D:4      | 3050 ||| Stepping ~*~*~tactically~*~*~ (hiding).
  3059 | D:4      | Killed Sigmund
  3060 | D:4      | Reached skill level 8 in Axes
  3537 | D:4      | 3537 ||| UPGRADING to +1 scale mail of poison resistance.
  3547 | D:4      | 3547 ||| READING scroll labelled LOZAOQ VAKLOGG.
  3548 | D:4      | 3548 ||| READING scroll labelled VUULA JAANT.
  3549 | D:4      | 3549 ||| READING scroll labelled RYMATA HIHU.
  3550 | D:4      | 3550 ||| DRINKING 3 pink potions.
  3551 | D:4      | 3551 ||| DRINKING 2 amethyst potions.
  3582 | D:4      | 3582 ||| READING 2 scrolls of identify.
  3582 | D:4      | 3582 ||| IDENTIFYING smoky green potion
  3583 | D:4      | 3583 ||| DROPPING potion of magic.
  3584 | D:4      | 3584 ||| DROPPING 2 potions of flight.
  3585 | D:4      | 3585 ||| DROPPING potion of lignification.
  3591 | D:5      | Entered Level 5 of the Dungeon
  3592 | D:5      | 3592 ||| PLANNING SEWER
  3605 | D:5      | Found an opulent altar of Gozag.
  3606 | D:5      | Found Fobrismikh's Antique Weapon Boutique.
  3631 | D:5      | 3631 ||| BUYING runed war axe (162 gold).
  3631 | D:5      | Bought a runed war axe for 162 gold pieces
  3631 | D:5      | 3631 ||| SWAPPING to +2 war axe of flaming.
  3632 | D:5      | 3632 ||| DROPPING +1 hand axe of flaming.
  3633 | D:5      | 3633 ||| DROPPING +1 war axe.
  3644 | D:5      | Found a runed translucent gate.
  3644 | D:5      | Found a runed translucent gate.
  3644 | D:5      | Noticed qw's ghost (novice TeWr)
  3656 | D:5      | Found a runed translucent gate.
  3720 | D:5      | 3720 ||| Stepping ~*~*~tactically~*~*~ (stealth).
  3733 | D:5      | Noticed Ijyb
  3741 | D:5      | Killed Ijyb
  3745 | D:5      | Reached skill level 9 in Axes
  3836 | D:5      | Reached XP level 8. HP: 46/46 MP: 12/12
  3899 | D:5      | Reached skill level 3 in Dodging
  3942 | D:5      | 3942 ||| Stepping ~*~*~tactically~*~*~ (hiding).
  3946 | D:5      | Found a radiant altar of Vehumet.
  3960 | D:5      | 3960 ||| Stepping ~*~*~tactically~*~*~ (stealth).
  3961 | D:5      | 3961 ||| Stepping ~*~*~tactically~*~*~ (stealth).
  3972 | D:5      | 3972 ||| Stepping ~*~*~tactically~*~*~ (stealth).
  3990 | D:5      | Found a glowing drain.
  3991 | D:5      | 3991 ||| READING scroll labelled XUMPEG MATIHU.
  3992 | D:5      | 3992 ||| READING scroll labelled GATWESUSHREO.
  3993 | D:5      | 3993 ||| DRINKING 2 brown potions.
  4097 | D:5      | 4097 ||| READING 2 scrolls of identify.
  4097 | D:5      | 4097 ||| IDENTIFYING fuming dark potion
  4098 | D:5      | 4098 ||| DROPPING potion of berserk rage.
  4101 | D:5      | 4101 ||| Stepping ~*~*~tactically~*~*~ (stealth).
  4120 | Sewer    | Entered a sewer
  4329 | Sewer    | 4329 ||| Stepping ~*~*~tactically~*~*~ (stealth).
  4353 | Sewer    | Reached skill level 10 in Axes
  4573 | D:5      | 4573 ||| PLANNING D:1-11
  4908 | D:5      | 4908 ||| READING scroll labelled JEAVUD KUSHA.
  5095 | D:6      | 5095 ||| Stepping ~*~*~tactically~*~*~ (stealth).
  5096 | D:6      | 5096 ||| Stepping ~*~*~tactically~*~*~ (stealth).
  5107 | D:6      | HP: 10/49 [killer bee (4)]
  5108 | D:6      | 5108 ||| READING 3 scrolls of teleportation.
  5108 | D:6      | HP: 3/49 [killer bee (4)]
  5109 | D:6      | HP: 1/49 [killer bee (2)]
  5110 | D:6      | Slain by a killer bee

Levels and vault maps discovered:
D:1:      saegor_arrival_miasma, layout_basic
D:2:      layout_rooms, serial_glass, glass_columns_b, glass_columns_c,
          glass_columns_c, glass_columns_c, glass_columns_c, glass_columns_a,
          glass_columns_c, glass_columns_c, glass_columns_a, glass_columns_a,
          glass_columns_c, glass_columns_b, glass_columns_b, glass_columns_b,
          serial_shops, nicolae_shop_behind_doors
D:3:      layout_loops_ring, lemuel_crystal_altar, ebering_ghost_sewer_f,
          serial_shops, nicolae_shop_crystal, dk_noncrumbling_2
D:4:      layout_cave_pods, uniq_sigmund
D:5:      layout_loops_cross, nicolae_gozag_seed_capital, gammafunk_ghost_split,
          serial_shops, shop, portal_sewer_entry_a, serial_bayou_pond_a,
          minmay_ruined_shrine, uniq_ijyb
D:6:      nicolae_cairo_tiling_large, layout_cave_pods,
          nicolae_tso_besieged_by_evil, ashenzari_conservatory_becter,
          uniq_prince_ribbit1

Skill      XL: |  1  2  3  4  5  6  7  8 |
---------------+-------------------------+-----
Axes           | 3 4 5 6 7 9 10 | 10.4
Armour         | 2 |  2.3
Fighting       | 3 5 |  5.0
Dodging        | 3 |  3.3
Throwing       | |  1.0
Spellcasting   | |  2.0
Translocations | |  2.4

Action                   |  1- 3 |  4- 6 |  7- 9 || total
-------------------------+-------+-------+-------++-------
Melee: Hand axe          |    51 |    75 |       ||   126
       Kick              |    14 |    34 |    33 ||    81
       Peck              |     6 |    15 |    24 ||    45
       War axe           |       |    61 |   185 ||   246
       Punch             |       |     1 |     2 ||     3
Throw: Boomerang         |     7 |    26 |    60 ||    93
  Use: Scroll            |     4 |     3 |     9 ||    16
       Potion            |     1 |     1 |     3 ||     5
Armor: Leather armour    |     8 |     5 |       ||    13
       Chain mail        |       |    25 |     9 ||    34
       Scale mail        |       |       |    60 ||    60
Dodge: Dodged            |    28 |    53 |    84 ||   165

Table legend:
 A = Non-vault XP
 B = Vault XP
 C = Vault XP percentage of total XP
 D = Non-vault monster count
 E = Vault monster count
 F = Vault count percentage of total count
                 A         B        C        D         E       F
            +---------+---------+-------+---------+---------+-------
      Total |    1650 |     671 |  28.9 |     106 |      50 |  32.1
            +---------+---------+-------+---------+---------+-------
        D:1 |      19 |       0 |   0.0 |      12 |       0 |   0.0
        D:2 |      42 |       0 |   0.0 |      12 |       0 |   0.0
        D:3 |     191 |       0 |   0.0 |      29 |       0 |   0.0
        D:4 |     505 |     223 |  30.6 |      29 |       1 |   3.3
        D:5 |     464 |     298 |  39.1 |      13 |      14 |  51.9
        D:6 |     429 |       0 |   0.0 |      11 |       0 |   0.0
      Sewer |       0 |     150 | 100.0 |       0 |      35 | 100.0
            +---------+---------+-------+---------+---------+-------
